ORI
UNIVERSITY OF FLORIDA GATORS @ UNIVERSITY OF MAINE BLACK BEARS
10/22/2047
 
TOP OF THE 1ST
University of Florida Gators batting - Pitching for University of Maine Black Bears : RHP Steve Brill
Pitching: RHP Steve Brill
Batting: LHB Terry Bayer 0-0: Ground out 5-3 (Groundball, 56, EV 84.4 MPH)
Batting: RHB Marco Morales 0-0: Ball
1-0: Called Strike
1-1: Foul Ball, location: 2F
1-2: Fly out, F9 (Flyball, 9S, EV 85.6 MPH)
Batting: RHB Ben Bailey 0-0: Called Strike
0-1: Ground out 6-3 (Groundball, 6, EV 101.9 MPH)
Top of the 1st over - 0 runs, 0 hits, 0 errors, 0 left on base; University of Florida 0 - University of Maine 0
BOTTOM OF THE 1ST
University of Maine Black Bears batting - Pitching for University of Florida Gators : RHP Carlos Figueroa
Pitching: RHP Carlos Figueroa
Batting: RHB Justin Degon 0-0: Foul Ball, location: 2F
0-1: Fly out, F8 (Flyball, 8RXD, EV 77.5 MPH)
Batting: SHB Ron Handford 0-0: Swinging Strike
0-1: Ball
1-1: Ground out U3 (Groundball, 3, EV 86.9 MPH)
Batting: RHB Geoffrey Potter 0-0: Ball
1-0: Ball
2-0: SINGLE (Groundball, 56S, EV 74.4 MPH) (infield hit)
Batting: RHB Geoffrey Gonzalez 0-0: Called Strike
0-1: Foul Ball, location: 2F
0-2: Ball
1-2: Ball
2-2: Ground out 5-3 (Groundball, 15, EV 84.4 MPH)
Bottom of the 1st over - 0 runs, 1 hit, 0 errors, 1 left on base; University of Florida 0 - University of Maine 0
TOP OF THE 2ND
University of Florida Gators batting - Pitching for University of Maine Black Bears : RHP Steve Brill
Batting: RHB Gong-sun Law 0-0: Called Strike
0-1: Ball
1-1: Foul Ball, location: 2F
1-2: Foul Ball, location: 2F
1-2: Ground out 4-3 (Groundball, 4, EV 91.9 MPH)
Batting: RHB Elliott Pye 0-0: Ball
1-0: Foul Ball, location: 2F
1-1: Ball
2-1: Foul Ball, location: 2F
2-2: Ground out 4-3 (Groundball, 34, EV 103.1 MPH)
Batting: RHB Lião Weishampt 0-0: Called Strike
0-1: Ball
1-1: Foul Ball, location: 2F
1-2: Ground out 3-1 (Groundball, 34, EV 102.5 MPH)
Top of the 2nd over - 0 runs, 0 hits, 0 errors, 0 left on base; University of Florida 0 - University of Maine 0
BOTTOM OF THE 2ND
University of Maine Black Bears batting - Pitching for University of Florida Gators : RHP Carlos Figueroa
Batting: LHB Ed Leighton 0-0: Foul Ball, location: 2F
0-1: Ball
1-1: Ball
2-1: Foul Ball, location: 2F
2-2: Reached on error, E5 (Groundball, 5, EV 106.2 MPH)
Batting: RHB Rewa Havika 0-0: Fly out, F8 (Flyball, 8RXD, EV 88.1 MPH)
Batting: LHB John Bergeron 0-0: Called Strike
0-1: Foul Ball, location: 2F
0-2: Strikes out looking
Batting: RHB Frank Gould 0-0: Swinging Strike
0-1: Ball
1-1: Ball
2-1: Fielders Choice at 2nd, 6-4 (Groundball, 6, EV 83.8 MPH)
Bottom of the 2nd over - 0 runs, 0 hits, 1 error, 1 left on base; University of Florida 0 - University of Maine 0
TOP OF THE 3RD
University of Florida Gators batting - Pitching for University of Maine Black Bears : RHP Steve Brill
Batting: LHB Dave Newsome 0-0: Ball
1-0: Ball
2-0: Called Strike
2-1: Ball
3-1: Called Strike
3-2: Base on Balls
Batting: RHB Manny Harrison 0-0: Ball
1-0: Ball
2-0: Ball
Dave Newsome steals 2nd base
3-0: Called Strike
3-1: Called Strike
3-2: Base on Balls
Batting: SHB Nathan Clement 0-0: Foul Ball, location: 2F
0-1: Swinging Strike
0-2: Ball
1-2: Ball
2-2: Strikes out swinging
Batting: LHB Terry Bayer 0-0: Ball
1-0: Swinging Strike
1-1: Ball
2-1: Fielders Choice at 2nd, 6-4 (Groundball, 56, EV 90.6 MPH)
Dave Newsome to third
Batting: RHB Marco Morales 0-0: SINGLE (Line Drive, 9LS, EV 100.0 MPH)
Dave Newsome scores
Terry Bayer to second
Batting: RHB Ben Bailey 0-0: Called Strike
0-1: Ball
1-1: Ball
2-1: Called Strike
2-2: Fly out, F9 (Line Drive, 9, EV 93.1 MPH)
Top of the 3rd over - 1 run, 1 hit, 0 errors, 2 left on base; University of Florida 1 - University of Maine 0
BOTTOM OF THE 3RD
University of Maine Black Bears batting - Pitching for University of Florida Gators : RHP Carlos Figueroa
Pitching: LHP Bill White
Batting: RHB Wang Huan 0-0: Fly out, F6 (Line Drive, 6M, EV 70.0 MPH)
Batting: RHB Justin Degon 0-0: Ball
1-0: Ball
2-0: Fly out, F7 (Flyball, 78S, EV 89.4 MPH)
Batting: SHB Ron Handford 0-0: Ball
1-0: Fly out, F4 (Popup, 4S, EV 64.4 MPH)
Bottom of the 3rd over - 0 runs, 0 hits, 0 errors, 0 left on base; University of Florida 1 - University of Maine 0
TOP OF THE 4TH
University of Florida Gators batting - Pitching for University of Maine Black Bears : RHP Steve Brill
Batting: RHB Gong-sun Law 0-0: Called Strike
0-1: Swinging Strike
0-2: Strikes out swinging
Batting: RHB Elliott Pye 0-0: Foul Ball, location: 2F
0-1: Fly out, F4 (Popup, 34, EV 69.4 MPH)
Batting: RHB Lião Weishampt 0-0: Fly out, F7 (Flyball, 78M, EV 93.1 MPH)
Top of the 4th over - 0 runs, 0 hits, 0 errors, 0 left on base; University of Florida 1 - University of Maine 0
BOTTOM OF THE 4TH
University of Maine Black Bears batting - Pitching for University of Florida Gators : LHP Bill White
Batting: RHB Geoffrey Potter 0-0: SOLO HOME RUN (Flyball, 7D, EV 98.1 MPH), Distance : 380 ft
Batting: RHB Geoffrey Gonzalez 0-0: Ball
1-0: Called Strike
1-1: Fly out, F8 (Flyball, 89S, EV 83.8 MPH)
Batting: LHB Ed Leighton 0-0: Ball
1-0: Called Strike
1-1: Foul Ball, location: 2F
1-2: Ball
2-2: Ball
3-2: Strikes out swinging
Batting: RHB Rewa Havika 0-0: DOUBLE (Line Drive, 78D, EV 100.0 MPH)
Batting: LHB John Bergeron 0-0: Ball
1-0: Ball
2-0: Ball
3-0: Swinging Strike
3-1: Swinging Strike
3-2: Strikes out swinging
Bottom of the 4th over - 1 run, 2 hits, 0 errors, 1 left on base; University of Florida 1 - University of Maine 1
TOP OF THE 5TH
University of Florida Gators batting - Pitching for University of Maine Black Bears : RHP Steve Brill
Batting: LHB Dave Newsome 0-0: Ball
1-0: Foul Ball, location: 2F
1-1: Ball
2-1: Fly out, F4 (Line Drive, 4, EV 70.6 MPH)
Batting: RHB Manny Harrison 0-0: Swinging Strike
0-1: Ball
1-1: Ball
2-1: Swinging Strike
2-2: Strikes out swinging
Batting: SHB Nathan Clement 0-0: Ball
1-0: Called Strike
1-1: Ball
2-1: Ground out U3 (Groundball, 3L, EV 79.4 MPH)
Top of the 5th over - 0 runs, 0 hits, 0 errors, 0 left on base; University of Florida 1 - University of Maine 1
BOTTOM OF THE 5TH
University of Maine Black Bears batting - Pitching for University of Florida Gators : LHP Bill White
Batting: RHB Frank Gould 0-0: Ball
1-0: Ball
2-0: Ball
3-0: Base on Balls
Batting: RHB Wang Huan 0-0: DOUBLE (Line Drive, 78D, EV 106.9 MPH)
Frank Gould to third
Batting: RHB Justin Degon 0-0: Called Strike
0-1: Ball
1-1: Swinging Strike
1-2: Strikes out swinging, 2-3 out at first.
Batting: SHB Ron Handford 0-0: Called Strike
0-1: Called Strike
0-2: Foul Ball, location: 2F
0-2: Fly out, F9 (Flyball, 89M, EV 84.4 MPH)
Runner from 3rd tags up, SCORES, no throw by RF
Batting: RHB Geoffrey Potter 0-0: Ball
1-0: Foul Ball, location: 2F
1-1: Ball
2-1: Foul Ball, location: 2F
2-2: Ground out 6-3 (Groundball, 6, EV 84.4 MPH)
Bottom of the 5th over - 1 run, 1 hit, 0 errors, 1 left on base; University of Florida 1 - University of Maine 2
TOP OF THE 6TH
University of Florida Gators batting - Pitching for University of Maine Black Bears : RHP Steve Brill
Batting: LHB Terry Bayer 0-0: Ball
1-0: Ball
2-0: DOUBLE (Flyball, 8RXD, EV 99.4 MPH)
Batting: RHB Marco Morales 0-0: Called Strike
0-1: Ball
1-1: Called Strike
1-2: Ground out 4-3 (Groundball, 4M, EV 103.8 MPH)
Terry Bayer to third
Batting: RHB Ben Bailey 0-0: Fly out, F7 (Line Drive, 78M, EV 90.0 MPH)
Runner from 3rd tags up, OUT at HOME! 7-2
Top of the 6th over - 0 runs, 1 hit, 0 errors, 0 left on base; University of Florida 1 - University of Maine 2
BOTTOM OF THE 6TH
University of Maine Black Bears batting - Pitching for University of Florida Gators : LHP Bill White
Batting: RHB Geoffrey Gonzalez 0-0: Ball
1-0: Called Strike
1-1: Called Strike
1-2: Foul Ball, location: 2F
1-2: Ball
2-2: Ball
3-2: Foul Ball, location: 2F
3-2: SINGLE (Line Drive, 89S, EV 93.1 MPH)
Pitching: RHP Eddie Leniger
Batting: LHB Ed Leighton 0-0: Called Strike
0-1: Ball
1-1: Fly out, F9 (Flyball, 89M, EV 76.9 MPH)
Batting: RHB Rewa Havika 0-0: Called Strike
Geoffrey Gonzalez is caught stealing 2nd base 2-4
0-1: Foul Ball, location: 2F
0-2: Ball
1-2: Ball
2-2: Fly out, F3 (Popup, 23F, EV 78.8 MPH)
Bottom of the 6th over - 0 runs, 1 hit, 0 errors, 0 left on base; University of Florida 1 - University of Maine 2
TOP OF THE 7TH
University of Florida Gators batting - Pitching for University of Maine Black Bears : RHP Steve Brill
Pitching: RHP Shizue Morimoto
Now at 1B: Bryan Douglas
Batting: RHB Gong-sun Law 0-0: Swinging Strike
0-1: Ball
1-1: Foul Ball, location: 2F
1-2: Foul Ball, location: 2F
1-2: Ground out 3-1 (Groundball, 34, EV 104.4 MPH)
Batting: RHB Elliott Pye 0-0: Ball
1-0: Foul Ball, location: 2F
1-1: Foul Ball, location: 2F
1-2: Fly out, F8 (Line Drive, 8RD, EV 93.1 MPH)
Batting: RHB Lião Weishampt 0-0: Called Strike
0-1: Foul Ball, location: 2F
0-2: Foul Ball, location: 2F
0-2: Ball
1-2: Strikes out swinging
Top of the 7th over - 0 runs, 0 hits, 0 errors, 0 left on base; University of Florida 1 - University of Maine 2
BOTTOM OF THE 7TH
University of Maine Black Bears batting - Pitching for University of Florida Gators : RHP Eddie Leniger
Batting: LHB John Bergeron 0-0: Ball
1-0: Called Strike
1-1: Foul Ball, location: 2F
1-2: Ball
2-2: Fly out, F6 (Popup, P, EV 70.0 MPH)
Batting: RHB Frank Gould 0-0: Ball
1-0: Ball
2-0: Called Strike
2-1: Fly out, F4 (Popup, 34S, EV 82.5 MPH)
Batting: RHB Wang Huan 0-0: Foul Ball, location: 2F
0-1: Ball
1-1: Reached on error, E5 (Groundball, 5S, EV 62.5 MPH)
Batting: RHB Justin Degon 0-0: Ball
1-0: Ball
Wild Pitch!
Wang Huan to third
2-0: Ball
Wild Pitch!
Wang Huan scores
3-0: Called Strike
3-1: Called Strike
3-2: Foul Ball, location: 2F
3-2: Ground out 6-3 (Groundball, 6S, EV 82.5 MPH)
Bottom of the 7th over - 1 run, 0 hits, 1 error, 0 left on base; University of Florida 1 - University of Maine 3
TOP OF THE 8TH
University of Florida Gators batting - Pitching for University of Maine Black Bears : RHP Shizue Morimoto
Pitching: RHP Jorge Gutierrez
Batting: LHB Dave Newsome 0-0: Ball
1-0: Ball
2-0: Called Strike
2-1: Foul Ball, location: 2F
2-2: Foul Ball, location: 2F
2-2: SINGLE (Line Drive, 5D, EV 105.6 MPH)
Pinch Hitting: SHB Pat Justice 0-0: Called Strike
0-1: Ball
1-1: Called Strike
1-2: Strikes out swinging
Batting: SHB Nathan Clement 0-0: Ball
1-0: Swinging Strike
1-1: Swinging Strike
1-2: Fly out, F8 (Flyball, 8LD, EV 105.0 MPH)
Batting: LHB Terry Bayer 0-0: Ball
1-0: Ball
2-0: Foul Ball, location: 2F
2-1: Swinging Strike
2-2: Ball
Pickoff Throw by Catcher to First - Error! E2
Dave Newsome to second
3-2: Strikes out swinging, 2-3 out at first.
Top of the 8th over - 0 runs, 1 hit, 1 error, 1 left on base; University of Florida 1 - University of Maine 3
BOTTOM OF THE 8TH
University of Maine Black Bears batting - Pitching for University of Florida Gators : RHP Eddie Leniger
Pitching: RHP Roberto Santiago
Now at 3B: Juan Lopez
Batting: SHB Ron Handford 0-0: Ball
1-0: SOLO HOME RUN (Flyball, 9LD, EV 95.0 MPH), Distance : 355 ft
Batting: RHB Geoffrey Potter 0-0: Ball
1-0: Foul Ball, location: 2F
1-1: SINGLE (Groundball, 6MD, EV 101.9 MPH)
Batting: RHB Geoffrey Gonzalez 0-0: Called Strike
0-1: Ball
1-1: Ball
2-1: Fielders Choice at 2nd, 4-6 (Groundball, 4, EV 88.8 MPH)
Batting: RHB Bryan Douglas 0-0: Called Strike
0-1: Ball
1-1: Ball
2-1: Fly out, F4 (Popup, 13, EV 80.6 MPH)
Batting: RHB Rewa Havika 0-0: Ball
1-0: Swinging Strike
1-1: Called Strike
1-2: Ground out 5-3 (Groundball, 56S, EV 83.8 MPH)
Bottom of the 8th over - 1 run, 2 hits, 0 errors, 1 left on base; University of Florida 1 - University of Maine 4
TOP OF THE 9TH
University of Florida Gators batting - Pitching for University of Maine Black Bears : RHP Jorge Gutierrez
Pitching: LHP Al Sisneros
Batting: RHB Marco Morales 0-0: Called Strike
0-1: Ball
1-1: Called Strike
1-2: Ball
2-2: Strikes out swinging
Batting: RHB Ben Bailey 0-0: Ball
1-0: Ball
2-0: Ball
3-0: Called Strike
3-1: Base on Balls
Batting: RHB Gong-sun Law 0-0: Ball
1-0: Swinging Strike
1-1: Ball
2-1: Swinging Strike
2-2: Ball
3-2: Fly out, F8 (Flyball, 78XD, EV 85.0 MPH)
Batting: RHB Elliott Pye 0-0: Foul Ball, location: 2F
0-1: Called Strike
0-2: SINGLE (Groundball, 56S, EV 68.8 MPH) (infield hit)
Ben Bailey to second
Batting: RHB Lião Weishampt 0-0: Hit by Pitch
Ben Bailey to third
Elliott Pye to second
Batting: LHB Dave Newsome 0-0: Ball
1-0: Ball
2-0: Foul Ball, location: 2F
2-1: Fly out, F5 (Popup, 5SF, EV 75.6 MPH)
Top of the 9th over - 0 runs, 1 hit, 0 errors, 3 left on base; University of Florida 1 - University of Maine 4
Thursday, December 15th , 2022 - OOTP Baseball 23.9 Build 102